 Dungeon Crawl Stone Soup version 0.28.0-45-g0d030f2227 (webtiles) character file.

Game seed: 3958762529568082069

118 zeratav the Insei (level 5, -7/34 HPs)
             Began as an Octopode Transmuter on Apr 7, 2022.
             Mangled by an ice beast (11 damage)
             ... on level 3 of the Dungeon.
             The game lasted 00:05:49 (3376 turns).

zeratav the Insei (Octopode Transmuter)             Turns: 3376, Time: 00:05:49

Health: -7/34      AC:  1    Str: 10    XL:     5   Next: 2%
Magic:  8/8        EV: 13    Int: 15    God:
Gold:   88         SH:  0    Dex: 14    Spells: 7/8 levels left

rFire   + . .      SeeInvis .   n - +3 flail {mace}
rCold   . . .      Faith    .   (no shield)
rNeg    . . .      Spirit   .   (helmet restricted)
rPois   .          Reflect  .   (no amulet)
rElec   .          Harm     .   g - ring of protection from fire
rCorr   .          Rampage  .   (no ring)
Will    .....                   (no ring)
Stlth   +++.......              (no ring)
HPRegen 0.11/turn               (no ring)
MPRegen 0.11/turn               (no ring)
                                (no ring)
                                (no ring)

@: no status effects
A: almost no armour, amphibious, 8 rings, camouflage 1, gelatinous body 1,
(nimble swimmer 1), tentacles
a: no special abilities


You were on level 3 of the Dungeon.
You visited 1 branch of the dungeon, and saw 3 of its levels.

You collected 88 gold pieces.


Innate Abilities, Weirdness & Mutations

You cannot wear most types of armour.
You are amphibious.
You can wear up to eight rings at the same time.
Your skin changes colour to match your surroundings (Stealth+).
Your rubbery body absorbs attacks. (AC +1, EV +1)
((You are camouflaged when in or above water. (Stealth+)))
You have tentacles for arms and can constrict up to eight enemies at once.


   Skills:
 + Level 2.1 Fighting
 + Level 2.8 Dodging
 + Level 2.5 Stealth
 * Level 4.2 Unarmed Combat
 - Level 2.0 Spellcasting
 - Level 2.0 Transmutations


You had 7 spell levels left.
You knew the following spells:

 Your Spells              Type           Power      Damage    Failure   Level
a - Beastly Appendage     Tmut           14%        N/A       10%         1

Your spell library contained the following spells:

 Spells                   Type           Power      Damage    Failure   Level
 Wereblood                Tmut           7%         N/A       14%         2
 Spider Form              Tmut/Pois      4%         N/A       41%         3
 Ice Form                 Ice/Tmut       4%         N/A       82%         4
 Petrify                  Tmut/Erth      4%         N/A       82%         4
 Metabolic Englaciation   Hex/Ice        0%         N/A       99%         5
 Statue Form              Tmut/Erth      2%         N/A       100%        6

Inventory:

Hand Weapons
 c - a +1 dagger of flaming {short}
   (You took it off an orc on level 3 of the Dungeon)
 n - a +3 flail (weapon) {mace}
   (You took it off an orc on level 3 of the Dungeon)
Missiles
 h - 5 poisoned darts {throwing}
Jewellery
 g - a ring of protection from fire (left tentacle)
   (You found it on level 2 of the Dungeon)
Scrolls
 b - 3 scrolls of teleportation {unknown}
 d - 2 scrolls of enchant armour {unknown}
 e - a scroll of fog {unknown}
 f - a scroll of amnesia {unknown}
 j - a scroll of vulnerability {unknown}
 o - a scroll of fear {unknown}
Potions
 a - a potion of degeneration {unknown}
 i - a potion of mutation {unknown}
 k - a potion of ambrosia {unknown}
 l - a potion of magic {unknown}
 m - a potion of heal wounds {unknown}
 p - a potion of curing {unknown}

Dungeon Overview and Level Annotations

Branches:
Dungeon (3/15)

Altars:
Wu Jian

######## #......# #.####.#
#.##...# ##########.##.###
#..........##.#
#[###########.#
#.#<@.........#
#.###Y######..# #...#...
#..# #############...#.#...
....#
............'>..#.#........#
#############...#.. .####..#
#...### ## #..# #...# ...
#...#


You could see an ice beast.


Message History

You take 1 damage, and now have 27/29 hp.
The kobold barely misses you.
You sock the kobold!
You kill the kobold!
Things that are here:
a +0 short sword {short}; 3 stones {throwing}; a kobold corpse MP[+1]
Your mp is fully restored (7).
Your tentacle spike disappears.
HP[+1] HP[+1]
Your hp is fully restored (29).
Things that are here:
a +0 robe; a +0 dagger {short}
There is an open door here.
There is an open door here.
Things that are here:
a +0 robe; a +0 dagger {short} You now have 88 gold pieces (gained 7).
Things that are here:
a +0 flail {mace}; a +0 ring mail; an orc corpse You see here a +0 scale mail.
You open the door.
There is an open door here.
You open the door.
There is an open door here.
Found a stone staircase leading down.
A quokka comes into view.
A rat comes into view.
The helpless quokka fails to defend itself.
You sock the quokka!
You kill the quokka!
The helpless rat fails to defend itself.
You sock the rat!
You kill the rat!
The orc priest shouts!
The orc priest barely misses you.
You hit the orc priest. You grab the orc priest. You squeeze the orc priest!
You constrict the orc priest. The orc priest barely misses you.
You hit the orc priest but do no damage.
You constrict the orc priest.
You kill the orc priest!
Your Fighting skill increases to level 2!
Things that are here:
a +0 mace {mace}; an orc corpse The orc shouts!
The orc hits you with a +0 dagger.
HP[-3]
You take 3 damage, and now have 26/29 hp.
The orc hits you with a +0 dagger.
HP[-3]
You take 3 damage, and now have 23/29 hp.
You hit the orc. You grab the orc. You tentacle-slap the orc.
You squeeze the orc.
You kill the orc!
You have reached level 5!
You feel stronger.
HP[+4] MP[+1]
You now have 34 max hp (+5).
You regained 4 hp, and now have 27/34 hp.
Your mp is fully restored (8).
You start resting.
HP[+7]
Your hp is fully restored (34).
You start waiting.
Done waiting.
o - a scroll labelled DURULY OMPIH You see here a +0 dagger {short}.
You open the door.
A ball python comes into view.
Found a stone staircase leading down.
The ball python hisses angrily.
One of your tentacles grows a vicious spike.
MP[-1]
You lost 1 mp, and now have 7/8 mp.
You sock the ball python!
You kill the ball python!
There is an open door here.
There is a stone staircase leading down here.
MP[+1]
Your mp is fully restored (8).
You see here a +0 cloak.
Your transformation is almost over.
Your tentacle spike disappears.
p - a silvery potion The ice beast barely misses you.
The ice beast hits you. The ice beast freezes you!
HP[-14]
You take 14 damage, and now have 20/34 hp.
MASSIVE DAMAGE!! (PAUSE)
You barely miss the ice beast. The ice beast hits you.
The ice beast freezes you!
* * * LOW HITPOINT WARNING * * *
HP[-13]
You take 13 damage, and now have 7/34 hp.
MASSIVE DAMAGE!! (PAUSE)
The ice beast hits you.
* * * LOW HITPOINT WARNING * * *
The ice beast freezes you!
You die...

Skill      XL: |  1  2  3  4 |
---------------+-------------+-----
Stealth        | 1 2 |  2.5
Unarmed Combat | 4 |  4.2
Fighting       | 2 |  2.1
Dodging        | |  2.8
Spellcasting   | |  2.0
Transmutations | |  2.0

Action                   |  1- 3 |  4- 6 || total
-------------------------+-------+-------++-------
Melee: Unarmed           |     8 |       ||     8
       Constrict         |    13 |     9 ||    22
       Kick              |    11 |     1 ||    12
       Mace              |    44 |    20 ||    64
       Tentacles         |     5 |    10 ||    15
       Punch             |     2 |     2 ||     4
       Flail             |       |    10 ||    10
 Cast: Beastly Appendage |    20 |     5 ||    25
 Stab: Sleeping          |     2 |     3 ||     5
Armor: Skin              |     5 |       ||     5
Dodge: Dodged            |    36 |    19 ||    55

Levels and vault maps discovered:
D:1:      onia_arrival_pyramid, layout_basic,
          hellmonk_ecumenical_altar_prayer_group
D:2:      layout_loops_ring, basic_altar, kennysheep_generic_room_6
D:3:      layout_basic

Notes
Turn   | Place    | Note
-------+----------+-------------------------------------------
     0 | D:1      | zeratav the Octopode Transmuter began the quest for the
                  | Orb.
     0 | D:1      | Reached XP level 1. HP: 13/13 MP: 3/3
     0 | D:1      | magus.rc [v1.9.6]
    17 | D:1      | You pick up a book of Sloth and begin reading...
    17 | D:1      | You add the spells Petrify, Metabolic Englaciation and
                  | Statue Form to your library.
   463 | D:1      | Reached XP level 2. HP: 17/18 MP: 3/5
   499 | D:1      | Reached skill level 1 in Stealth
   719 | D:1      | Found a faded altar of an unknown god.
  1076 | D:2      | You fall into a shaft and drop 1 floor!
  1128 | D:3      | Reached XP level 3. HP: 13/23 MP: 4/6
  2027 | D:2      | Found an ornate altar of the Wu Jian Council.
  2284 | D:2      | Reached XP level 4. HP: 29/29 MP: 5/7
  2395 | D:2      | Reached skill level 2 in Stealth
  2507 | D:3      | Noticed an ice beast
  2876 | D:3      | Reached skill level 4 in Unarmed Combat
  3114 | D:3      | Reached skill level 2 in Fighting
  3134 | D:3      | Reached XP level 5. HP: 27/34 MP: 8/8
  3375 | D:3      | HP: 7/34 [ice beast (11)]
  3376 | D:3      | Mangled by an ice beast

Vanquished Creatures
  An orc priest (D:3)
  An orc wizard (D:3)
  9 orcs (D:3)
  3 endoplasms
  6 goblins
  6 hobgoblins
  4 jackals (D:2)
  3 quokkas
  3 ball pythons
  2 frilled lizards (D:2)
  4 kobolds
  5 rats
47 creatures vanquished.

Table legend:
 A = Non-vault XP
 B = Vault XP
 C = Vault XP percentage of total XP
 D = Non-vault monster count
 E = Vault monster count
 F = Vault count percentage of total count
                 A         B        C        D         E       F
            +---------+---------+-------+---------+---------+-------
      Total |     161 |       8 |   4.7 |      43 |       4 |   8.5
            +---------+---------+-------+---------+---------+-------
        D:1 |      16 |       4 |  20.0 |       9 |       2 |  18.2
        D:2 |      25 |       4 |  13.8 |      15 |       2 |  11.8
        D:3 |     120 |       0 |   0.0 |      19 |       0 |   0.0
            +---------+---------+-------+---------+---------+-------

Illustrated notes

Table legend:
 A = Kills in this place as a percentage of kills in entire the game.
 B = Kills by you in this place as a percentage of kills by you in the entire game.
 C = Kills by friends in this place as a percentage of kills by friends in the entire game.
 D = Other kills in this place as a percentage of other kills in the entire game.
 E = Experience gained in this place as a percentage of experience gained in the entire game.
 F = Experience gained in this place divided by the number of levels of this place that you have seen.
                   A       B       C       D       E      F
               +-------+-------+-------+-------+-------+----------------------
         Total | 100.0 | 100.0 |   N/A |   N/A | 100.0 |  56.3
       Dungeon | 100.0 | 100.0 |   N/A |   N/A | 100.0 |  56.3
               +-------+-------+-------+-------+-------+----------------------

Table legend: (Time is in decaauts)
 A = Elapsed time spent in this place.
 B = Non-inter-level travel time spent in this place.
 C = Inter-level travel time spent in this place.
 D = Time resting spent in this place.
 E = Time spent auto-exploring this place.
 F = Levels seen in this place.
 G = Mean time per level.
                   A        B        C        D        E       F      G
               +--------+--------+--------+--------+--------+-----+--------+
         Total |   3406 |   3372 |     34 |   1051 |   1482 |   3 | 1135.3 |
       Dungeon |   3406 |   3372 |     34 |   1051 |   1482 |   3 | 1135.3 |
               +--------+--------+--------+--------+--------+-----+--------+

Top non-repeatable levels by time:
     D:2: 1371 daAuts
     D:1: 1079 daAuts
     D:3: 955 daAuts
